 Dungeon Sprint DCSS version 0.25-b1-37-g2669288c55 (webtiles) character file.

Game seed: 1314695134908958496

226 Chiseanne the Caller (level 5, -6/66 HPs)
             Began as a Demonspawn Summoner on June 4, 2020.
             Was an Initiate of Fedhas.
             Mangled by Sonja
             ... wielding a +0 dagger of distortion
              (18 damage)
             ... in the Dungeon (Sprint I: "Red Sonja").
             The game lasted 00:05:26 (642 turns).

Chiseanne the Caller (Demonspawn Summoner)           Turns: 642, Time: 00:05:26

Health: -6/66      AC:  2    Str:  8    XL:     5   Next: 69%
Magic:  13/13      EV: 15    Int: 18    God:    Fedhas [......]
Gold:   301        SH:  0    Dex: 13    Spells: 5/15 levels left

rFire    . . .     SeeInvis .   j - +0 scythe
rCold    . . .     Gourm    .   (shield currently unavailable)
rNeg     . . .     Faith    .   a - +0 robe
rPois    .         Spirit   .   (helmet restricted)
rElec    .         Reflect  .   (no cloak)
rCorr    .         Harm     .   (no gloves)
MR       .....     NoTele   +   (no boots)
Stlth    ..........             (no amulet)
HPRegen  0.21/turn              (no ring)
MPRegen  0.13/turn              (no ring)

@: berserking (expiring), very slightly contaminated, very quick
A: claws 2, hooves 1, horns 1
a: Renounce Religion


You were in the Dungeon.
You worshipped Fedhas.
Fedhas was noncommittal.
You were not hungry.

You visited 1 branch You collected 301 gold pieces.

Inventory:

Hand Weapons
 j - a +0 scythe (weapon)
Armour
 a - a +0 robe (worn)
Wands
 b - a wand of digging (5)
Scrolls
 h - a scroll of remove curse {unknown}
 i - a scroll of blinking
Potions
 d - a potion of curing
 f - a potion of haste
Comestibles
 c - a ration


   Skills:
 - Level 5.0 Fighting
 * Level 5.6 Dodging
 - Level 3.2 Stealth
 * Level 5.7 Spellcasting
 * Level 7.1 Summonings


You had 5 spell levels left.
You knew the following spells:

 Your Spells              Type           Power        Failure   Level  Hunger
a - Summon Small Mammal   Summ           ####         1%          1    None
b - Call Imp              Summ           ####....     1%          2    None
c - Call Canine Familiar  Summ           ####....     1%          3    ##.....
d - Summon Ice Beast      Ice/Summ       ###.....     28%         4    ####...

Your spell library contained the following spells:

 Spells                   Type           Power        Failure   Level  Hunger
 Summon Guardian Golem    Hex/Summ       ###.....     9%          3    ##.....
 Summon Lightning Spire   Summ/Air       ###.....     28%         4    ####...


Dungeon Overview and Level Annotations

Branches:
Dungeon (1/1)

Altars:
Cheibriados
Dithmenos
Elyvilon
Fedhas
Gozag
Hepliaklqana
Kikubaaqudgha
Nemelex Xobeh
Okawaru
Qazlal
Ru
Sif Muna
Trog
Uskayaw
Vehumet
Wu Jian
Yredelemnul
Zin
The Shining One

Shops:
D =

Annotations:
D Sonja


Innate Abilities, Weirdness & Mutations

You have very sharp fingernails.
You have large cloven feet.
You have a pair of small horns on your head.


Message History

Your crimson imp completely misses Sonja.
Sonja gestures wildly while chanting.
Sonja blinks!
You swap places.
Sonja hits your crimson imp with a +0 dagger of distortion.
Space bends around your crimson imp.
Sonja hits your crimson imp with a +0 dagger of distortion.
Your crimson imp is devoured by a tear in reality.
You feel a strong urge to attack something.
Sonja barely misses you. Sonja closely misses you. Sonja barely misses you.
You completely miss Sonja. Your kick misses Sonja. Your headbutt misses Sonja.
Sonja shouts, "Too slow!"
Sonja hits you with a +0 dagger of distortion!
Space bends around you.
* * * LOW HITPOINT WARNING * * *
Sonja hits you with a +0 dagger of distortion.
* * * LOW HITPOINT WARNING * * *
Space warps horribly around you!!
You die...
Fedhas appreciates your contribution to the ecosystem.

################
#<.#..'..#..'..#
#[.'))#..'..#..+
#..#####'#####'#
#..####..#...#.#
#..#__####..##.#
#..#_____##h#K.+
#⌠⌠#_.∩..5'§@§_#
####_..__##_.#'#
#_____###(#.#
####### #(###
$($ $.$# ##.##
#+#


You could see Sonja, a friendly hound (summoned) and a friendly crimson imp
(summoned).

Vanquished Creatures
  Ijyb (D)
1 creature vanquished.

Vanquished Creatures (collateral kills)
  Sigmund (D)
  A yak (D)
  An ogre (D)
  A jelly (D)
4 creatures vanquished.

Grand Total: 5 creatures vanquished

Notes
Turn   | Place    | Note
-------+----------+-------------------------------------------
     0 | D        | Chiseanne the Demonspawn Summoner began the quest for the
                  | Orb.
     0 | D        | Reached XP level 1. HP: 13/13 MP: 3/3
     5 | D        | Noticed Ijyb
    39 | D        | Killed Ijyb
    39 | D        | Gained mutation: You have sharp fingernails. [demonic
                  | ancestry]
    39 | D        | Reached XP level 2. HP: 19/19 MP: 0/6
   129 | D        | Learned a level 2 spell: Call Imp
   134 | D        | Noticed an ogre
   150 | D        | Killed an ogre
   150 | D        | Reached skill level 5 in Summonings
   150 | D        | Gained mutation: You have a pair of small horns on your
                  | head. [demonic ancestry]
   150 | D        | Reached XP level 3. HP: 27/27 MP: 1/8
   220 | D        | Learned a level 3 spell: Call Canine Familiar
   234 | D        | Noticed Sigmund
   377 | D        | Killed Sigmund
   377 | D        | Reached skill level 6 in Summonings
   377 | D        | Gained mutation: You have very sharp fingernails. [demonic
                  | ancestry]
   377 | D        | Reached XP level 4. HP: 37/37 MP: 3/10
   377 | D        | Gained mutation: You have large cloven feet. [demonic
                  | ancestry]
   377 | D        | Reached XP level 5. HP: 42/42 MP: 3/12
   472 | D        | Learned a level 4 spell: Summon Ice Beast
   472 | D        | Found an ornate altar of the Wu Jian Council.
   472 | D        | Found a shimmering blue altar of Sif Muna.
   474 | D        | Found a radiant altar of Vehumet.
   484 | D        | Reached skill level 5 in Dodging
   484 | D        | Reached skill level 5 in Spellcasting
   515 | D        | Found Dinef's Jewellery Emporium.
   515 | D        | Found an ancient bone altar of Kikubaaqudgha.
   515 | D        | Found a hazy altar of Hepliaklqana.
   515 | D        | Found a stormy altar of Qazlal.
   515 | D        | Found a hide-covered altar of Uskayaw.
   515 | D        | Found a blossoming altar of Fedhas.
   515 | D        | Found a bloodstained altar of Trog.
   515 | D        | Found an iron altar of Okawaru.
   515 | D        | Found a basalt altar of Yredelemnul.
   515 | D        | Found a glowing golden altar of the Shining One.
   515 | D        | Found a snail-covered altar of Cheibriados.
   515 | D        | Found a sacrificial altar of Ru.
   515 | D        | Found a glowing silver altar of Zin.
   515 | D        | Found a shadowy altar of Dithmenos.
   515 | D        | Found a white marble altar of Elyvilon.
   515 | D        | Noticed a yak
   516 | D        | Found an opulent altar of Gozag.
   530 | D        | Killed a yak
   530 | D        | Reached skill level 5 in Fighting
   530 | D        | Reached skill level 7 in Summonings
   535 | D        | Found a sparkling altar of Nemelex Xobeh.
   538 | D        | Became a worshipper of Fedhas Madash
   626 | D        | Noticed Sonja
   642 | D        | Mangled by Sonja

Illustrated notes

Levels and vault maps discovered:
D:        dungeon_sprint_1 [red_sonja_temple_1, red_sonja_temple_small_1]

Skill      XL: |  1  2  3  4  5 |
---------------+----------------+-----
Dodging        | 3 4 5 |  5.6
Stealth        | 3 |  3.2
Spellcasting   | 3 4 5 |  5.7
Fighting       | 2 3 5 |  5.0
Summonings     | 5 6 7 |  7.1

Action                   |  1- 3 |  4- 6 || total
-------------------------+-------+-------++-------
Melee: Unarmed           |     9 |       ||     9
       Scythe            |       |     3 ||     3
Throw: Dart              |       |     1 ||     1
 Cast: Summon Small Mamm |     7 |       ||     7
       Call Imp          |    14 |     6 ||    20
       Call Canine Famil |       |     5 ||     5
  Use: Potion            |     2 |     3 ||     5
Armor: Robe              |       |     1 ||     1
Dodge: Dodged            |     6 |    10 ||    16
